Workbook
Name 法人: #REF!

Sheet 評価額（資産負債）（4月用）
B1: 財政投融資特別会計投資勘定資産負債内訳表 | H1: =MONTH(H2) -> 4 | I1: =EOMONTH(H2,-1) -> 44286 | J1: =MONTH(I1) -> 3
H2: 44316 | I2: 👈対象月の末日を入力
B5: 科 目 | C5: 令和元年度末BSベース | D5: =I1 -> 44286 | E5: =#REF! -> #REF! | F5: =H2 -> 44316
E6: =H2 -> 44316 | H6: JT,NTTは手入力！
B7: 出 資 金 | C7: =SUM(C12:C36,C8) -> 13576961995050 | D7: =SUM(D12:D36,D8) -> 14089116981139 | E7: =SUM(E12:E36,E8) -> #REF! | F7: =SUM(F12:F36,F8) -> #REF!
B8: 株式会社日本政策金融公庫 | C8: =SUM(C9:C11) -> 638986057468 | D8: =SUM(D9:D11) -> 639186057468 | E8: =SUM(E9:E11) -> #REF! | F8: =SUM(F9:F11) -> #REF!
B9: （国民一般向け業務） | C9: 15334079052 | D9: 15534079052 | E9: =SUMIFS(#REF!,#REF!,$H$1,#REF!,B9)-E39 -> #REF! | F9: =SUM(D9:E9) -> #REF!
B10: （中小企業者向け業務） | C10: 504750277841 | D10: 504750277841 | E10: =SUMIFS(#REF!,#REF!,$H$1,#REF!,B10)-E40 -> #REF! | F10: =SUM(D10:E10) -> #REF!
B11: （農林水産業者向け業務） | C11: 118901700575 | D11: 118901700575 | E11: =SUMIFS(#REF!,#REF!,$H$1,#REF!,B11) -> #REF! | F11: =SUM(D11:E11) -> #REF!
B12: 沖縄振興開発金融公庫 | C12: 12489715432 | D12: 12489715432 | E12: =SUMIFS(#REF!,#REF!,$H$1,#REF!,B12) -> #REF! | F12: =SUM(D12:E12) -> #REF!
B13: 株式会社国際協力銀行 | C13: 3071790045874 | D13: 3151790045874 | E13: =SUMIFS(#REF!,#REF!,$H$1,#REF!,B13) -> #REF! | F13: =SUM(D13:E13) -> #REF!
B14: 独立行政法人中小企業基盤整備機構 | C14: 33996065825 | D14: 32941985825 | E14: =SUMIFS(#REF!,#REF!,$H$1,#REF!,B14) -> #REF! | F14: =SUM(D14:E14) -> #REF!
B15: 独立行政法人奄美群島振興開発基金 | C15: 5667472014 | D15: 5667472014 | E15: =SUMIFS(#REF!,#REF!,$H$1,#REF!,B15) -> #REF! | F15: =SUM(D15:E15) -> #REF!
B16: 独立行政法人鉄道建設・運輸施設整備支援機構 | C16: 590514837400 | D16: 590514837400 | E16: =SUMIFS(#REF!,#REF!,$H$1,#REF!,B16) -> #REF! | F16: =SUM(D16:E16) -> #REF!
B17: 国立研究開発法人新エネルギー・産業技術総合開発機構 | C17: 9361169565 | D17: 7761169565 | E17: =SUMIFS(#REF!,#REF!,$H$1,#REF!,B17) -> #REF! | F17: =SUM(D17:E17) -> #REF!
B18: 国立研究開発法人科学技術振興機構 | C18: 10863755849 | D18: 10863755849 | E18: =SUMIFS(#REF!,#REF!,$H$1,#REF!,B18) -> #REF! | F18: =SUM(D18:E18) -> #REF!
B19: 独立行政法人情報処理推進機構 | C19: 1463832826 | D19: 1463832826 | E19: =SUMIFS(#REF!,#REF!,$H$1,#REF!,B19) -> #REF! | F19: =SUM(D19:E19) -> #REF!
B20: 国立研究開発法人農業・食品産業技術総合研究機構 | C20: 5913336638 | D20: 5722435003 | E20: =SUMIFS(#REF!,#REF!,$H$1,#REF!,B20) -> #REF! | F20: =SUM(D20:E20) -> #REF!
B21: 国立研究開発法人医薬基盤・健康・栄養研究所 | C21: 3550078289 | D21: 3550078289 | E21: =SUMIFS(#REF!,#REF!,$H$1,#REF!,B21) -> #REF! | F21: =SUM(D21:E21) -> #REF!
B22: 国立研究開発法人情報通信研究機構 | C22: 2447307312 | D22: 2447307312 | E22: =SUMIFS(#REF!,#REF!,$H$1,#REF!,B22) -> #REF! | F22: =SUM(D22:E22) -> #REF!
... B30: 株式会社民間資金等活用事業推進機構 | C30: 10530481067 | D30: 10530481067 | E30: =SUMIFS(#REF!,#REF!,$H$1,#REF!,B30) -> #REF! | F30: =SUM(D30:E30) -> #REF!
B31: 株式会社商工組合中央金庫 | C31: 198117471191 | D31: 198117471191 | E31: =SUMIFS(#REF!,#REF!,$H$1,#REF!,B31)-E41 -> #REF! | F31: =SUM(D31:E31) -> #REF!
B32: 株式会社海外需要開拓支援機構 | C32: 56127357202 | D32: 71127357202 | E32: =SUMIFS(#REF!,#REF!,$H$1,#REF!,B32) -> #REF! | F32: =SUM(D32:E32) -> #REF!
B33: 株式会社海外交通・都市開発事業支援機構 | C33: 82997303496 | D33: 143397303496 | E33: =SUMIFS(#REF!,#REF!,$H$1,#REF!,B33) -> #REF! | F33: =SUM(D33:E33) -> #REF!
B34: 株式会社海外通信・放送・郵便事業支援機構 | C34: 31848632521 | D34: 58148632521 | E34: =SUMIFS(#REF!,#REF!,$H$1,#REF!,B34) -> #REF! | F34: =SUM(D34:E34) -> #REF!
B35: 日本たばこ産業株式会社 | C35: 1330666932800 | D35: 1330666932800 | E35: 0 | F35: =SUM(D35:E35) -> 1330666932800
B36: 日本電信電話株式会社 | C36: 3245807356500 | D36: 3245807356500 | E36: =IF(AND(MONTH(H2)=MONTH(I36)),H36,0) -> 0 | F36: =SUM(D36:E36) -> 3245807356500
B37: 貸 付 金 | C37: =SUM(C38,C41:C41) -> 73472040563 | D37: =SUM(D38,D41:D41) -> #REF! | E37: =SUM(E38,E41:E41) -> #REF! | F37: =SUM(F38,F41:F41) -> #REF!
B38: 株式会社日本政策金融公庫 | C38: =SUM(C39:C40) -> 22292100000 | D38: =SUM(D39:D40) -> #REF! | E38: =SUM(E39:E40) -> #REF! | F38: =SUM(F39:F40) -> #REF!
B39: （国民一般向け業務） | C39: 0 | D39: =C39+SUMIFS(#REF!,#REF!,">="&#REF!,#REF!,"<="&$I$1,#REF!,B39,#REF!,"貸付金")+SUMIFS(#REF!,#REF!,">="&#REF!,#REF!,"<="&$I$1,#REF!,B39,#REF!,"貸付金償還金") -> #REF! | E39: =SUMIFS(#REF!,#REF!,$H$1,#REF!,B39,#REF!,"貸付金")+SUMIFS(#REF!,#REF!,$H$1,#REF!,B39,#REF!,"貸付金償還金") -> #REF! | F39: =SUM(C39:E39) -> #REF!
B40: （中小企業者向け業務） | C40: 22292100000 | D40: 22292100000 | E40: =SUMIFS(#REF!,#REF!,$H$1,#REF!,B40,#REF!,"貸付金")+SUMIFS(#REF!,#REF!,$H$1,#REF!,B40,#REF!,"貸付金償還金") -> #REF! | F40: =SUM(D40:E40) -> #REF!
B41: 株式会社商工組合中央金庫 | C41: 51179940563 | D41: 49254940563 | E41: =SUMIFS(#REF!,#REF!,$H$1,#REF!,B41,#REF!,"貸付金")+SUMIFS(#REF!,#REF!,$H$1,#REF!,B41,#REF!,"貸付金償還金") -> #REF! | F41: =SUM(D41:E41) -> #REF!

Sheet 令和７年9月末
C1: 報 道 発 表
I3: 45950
I4: 財務省
C6: 産 業 投 資 現 在 高
C7: 45930
I9: (単位：億円、％)
C10: 種 別 | F10: 金 額 | G10: 割 合 | H10: 前月末現在高に 対する増減(△) | I10: 前年度末現在高に 対する増減(△)
C11: 貸付金 | F11: 205 | G11: 0.28 | H11: 0 | I11: -1
D12: 政府関係機関貸付金 | F12: 38 | G12: 0.05 | H12: 0 | I12: 0
D13: 特別法人貸付金 | F13: 167 | G13: 0.23 | H13: 0 | I13: -1
C14: 出資金 | F14: 72312 | G14: 99.72 | H14: 700 | I14: -79
D15: 政府関係機関出資金 | F15: 29317 | G15: 40.43 | H15: 0 | I15: 0
D16: 特別法人出資金 | F16: 42995 | G16: 59.29 | H16: 700 | I16: -79
C17: 計 | F17: 72517 | G17: 100 | H17: 700 | I17: -80
C18: （注）１．計数については、現金ベースの現在高となっている。
C19: ２．計数はそれぞれ四捨五入によっているので、端数において合計とは合致しない場合がある。

Sheet 6月以降(連動)
B1: 財政投融資特別会計投資勘定資産負債内訳表
E3: ='評価額（資産負債）（4月用）'!H2 -> 44316
F4: （単位：円）
B5: 科 目 | C5: 金 | D5: 額 | E5: 備 考
B6: 出 資 金 | D6: =SUM(C7:C32) -> #REF!
B7: 株式会社日本政策金融公庫 | C7: =#REF! -> #REF!
B8: 沖縄振興開発金融公庫 | C8: =#REF! -> #REF!
B9: 株式会社国際協力銀行 | C9: =#REF! -> #REF!
B10: 独立行政法人中小企業基盤整備機構 | C10: =#REF! -> #REF!
B11: 独立行政法人奄美群島振興開発基金 | C11: =#REF! -> #REF!
B12: 独立行政法人鉄道建設・運輸施設整備支援機構 | C12: =#REF! -> #REF!
B13: 国立研究開発法人新エネルギー・産業技術総合開発機構 | C13: =#REF! -> #REF!
B14: 国立研究開発法人科学技術振興機構 | C14: =#REF! -> #REF!
B15: 独立行政法人情報処理推進機構 | C15: =#REF! -> #REF!
B16: 国立研究開発法人農業・食品産業技術総合研究機構 | C16: =#REF! -> #REF!
B17: 国立研究開発法人医薬基盤・健康・栄養研究所 | C17: =#REF! -> #REF!
B18: 国立研究開発法人情報通信研究機構 | C18: =#REF! -> #REF!
... B32: 日本電信電話株式会社 | C32: =#REF! -> #REF!
B33: 貸 付 金 | D33: =+SUM(C34:C35) -> #REF!
B34: 株式会社日本政策金融公庫 | C34: =#REF! -> #REF!
B35: 株式会社商工組合中央金庫 | C35: =#REF! -> #REF!
B36: 土 地 等 | D36: 25998491
B37: 預 託 金 | D37: 391500000000 | I37: (R1利益積立金） | K37: － | L37: （一般会計へ繰入） | M37: ＋ | N37: （R1利益）
B39: 預 金 | D39: 229566898 | I39: 2893306232502 | L39: 146131941000 | N39: 569804381721
B41: 未 収 収 益 | D41: 0
B42: 資 産 合 計 | D42: =SUM(D6,D33,D36,D37,D39,D41) -> #REF!
B43: 資 本 | D43: =3121187717571+100000000000+100000000000 -> 3321187717571 | I43: =E3 -> 44316 | J43: 日記簿含運用益) | K43: － | L43: （R1年度末未収収益）
B44: 利 益 積 立 金 | D44: =I39-L39+N39 -> 3316978673223 | I44: 294473155750 | L44: 1018759
B45: 運 用 損 益 | D45: =I44-L44-N45 -> 294472136991
B46: 固定資産評価差益 | D46: =I47-L47 -> 7619781304750 | I46: (元固定資産評価差益） | K46: - | L46: （NTT売却分評価洗替）
B47: 負 債 合 計 | D47: =SUM(D43+D44+D45+D46) -> 14552419832535 | I47: 7619781304750
B50: チェック用 | C50: 資産合計-負債合計＝ | D50: =D42-D47 -> #REF!

Sheet 4月
B1: 財政投融資特別会計投資勘定資産負債内訳表
F3: 令和３年４月末
F4: （単位：円）
B5: 科 目 | C5: 金 | D5: 額 | E5: 備 考
B6: 出 資 金 | D6: =SUM(C7:C32) -> #REF!
B7: 株式会社日本政策金融公庫 | C7: ='評価額（資産負債）（4月用）'!F8 -> #REF!
B8: 沖縄振興開発金融公庫 | C8: ='評価額（資産負債）（4月用）'!F12 -> #REF!
B9: 株式会社国際協力銀行 | C9: ='評価額（資産負債）（4月用）'!F13 -> #REF!
B10: 独立行政法人中小企業基盤整備機構 | C10: ='評価額（資産負債）（4月用）'!F14 -> #REF!
B11: 独立行政法人奄美群島振興開発基金 | C11: ='評価額（資産負債）（4月用）'!F15 -> #REF!
B12: 独立行政法人鉄道建設・運輸施設整備支援機構 | C12: ='評価額（資産負債）（4月用）'!F16 -> #REF!
B13: 国立研究開発法人新エネルギー・産業技術総合開発機構 | C13: ='評価額（資産負債）（4月用）'!F17 -> #REF!
B14: 国立研究開発法人科学技術振興機構 | C14: ='評価額（資産負債）（4月用）'!F18 -> #REF!
B15: 独立行政法人情報処理推進機構 | C15: ='評価額（資産負債）（4月用）'!F19 -> #REF!
B16: 国立研究開発法人農業・食品産業技術総合研究機構 | C16: ='評価額（資産負債）（4月用）'!F20 -> #REF!
B17: 国立研究開発法人医薬基盤・健康・栄養研究所 | C17: ='評価額（資産負債）（4月用）'!F21 -> #REF!
B18: 国立研究開発法人情報通信研究機構 | C18: ='評価額（資産負債）（4月用）'!F22 -> #REF!
B19: 独立行政法人住宅金融支援機構 | C19: ='評価額（資産負債）（4月用）'!F23 -> #REF!
... B32: 日本電信電話株式会社 | C32: ='評価額（資産負債）（4月用）'!F36 -> 3245807356500
B33: 貸 付 金 | D33: =+SUM(C34:C35) -> #REF!
B34: 株式会社日本政策金融公庫 | C34: ='評価額（資産負債）（4月用）'!F38 -> #REF!
B35: 株式会社商工組合中央金庫 | C35: ='評価額（資産負債）（4月用）'!F41 -> #REF!
B36: 土 地 等 | D36: 26243935
B37: 預 託 金 | D37: 391500000000 | J37: (R1利益積立金） | L37: － | M37: （一般会計へ繰入） | N37: ＋ | O37: （R1利益）
B39: 預 金 | D39: 223345466 | J39: 2893306232502 | M39: 146131941000 | O39: 569804381721
B41: 未 収 収 益 | D41: 0
B42: 資 産 合 計 | D42: =SUM(D6,D33,D36,D37,D39,D41) -> #REF!
B43: 資 本 | D43: 3321187717571 | J43: (R3/4 | K43: 日記簿含運用益) | L43: ＋ | M43: （R2/4 日記簿含運用益） | N43: － | O43: （元年度末未収収益）
B44: 利 益 積 立 金 | D44: =J39+O39-M39 -> 3316978673223 | J44: -4204979 | M44: 294471139297 | O44: 1018759
B45: 運 用 損 益 | D45: =J44+M44-O44 -> 294465915559
B46: 固定資産評価差益 | D46: =J47-M47 -> 7619781304750 | J46: （R1固定資産評価差益) | L46: － | M46: （NTT売却分評価洗替）
B47: 負 債 合 計 | D47: =SUM(D43+D44+D45+D46) -> 14552413611103 | J47: 7619781304750
B50: チェック用 | C50: 資産合計-負債合計＝ | D50: =D42-D47 -> #REF!
